 Dungeon Crawl Stone Soup version 0.18.1-1-g2f07953 (webtiles) character file.

337 Aleksandr27reg the Covert (level 6, -9/30 HPs)
             Began as a Spriggan Assassin on Sept 2, 2016.
             Mangled by an orc wizard
             ... wielding a +0 dagger of electrocution
              (13 damage)
             ... on level 5 of the Dungeon.
             The game lasted 00:11:37 (3706 turns).

Aleksandr27reg the Covert (Spriggan Assassin)       Turns: 3706, Time: 00:11:38

Health: -9/30      AC:  3    Str:  7    XL:     6   Next: 28%
Magic:  7/7        EV: 20    Int: 13    God:
Gold:   192        SH:  0    Dex: 19    Spells: 0 memorised, 5 levels left

rFire  . . .     SeeInvis +     a - +2 dagger
rCold  . . .     Gourm    .     c - +0 robe
rNeg   . . .     Faith    .     (shield restricted)
rPois  .         Spirit   .     (helmet restricted)
rElec  .         Dismiss  .     d - +0 cloak
rCorr  .         Reflect  .     (gloves unavailable)
SustAt +         Harm     .     (boots unavailable)
MR     +....                    (no amulet)
Stlth  +++++.....               (no ring)
                                m - ring of sustain attributes

@: very quick, somewhat resistant to hostile enchantments, quite stealthy
A: unfitting armour, see invisible, herbivore 3, speed 3, slow metabolism 2
a: no special abilities


You were on level 5 of the Dungeon.
You were not hungry.

You visited 1 branch of the dungeon, and saw 5 of its levels.

You collected 192 gold pieces.

Inventory:

Hand Weapons
 a - a +2 dagger (weapon)
 b - a +0 blowgun
Missiles
 e - 18 poisoned needles
 f - 2 curare-tipped needles
Armour
 c - a +0 robe (worn)
 d - a +0 cloak (worn)
Jewellery
 m - a ring of sustain attributes (left hand)
 p - an uncursed ring of see invisible {unknown}
Scrolls
 h - 4 scrolls of identify
 i - 2 scrolls of fear {unknown}
 l - a scroll of teleportation
 n - 3 scrolls of remove curse {unknown}
 o - a scroll of magic mapping
 q - a scroll of blinking
Potions
 j - a potion of lignification {unknown}
 k - a potion of heal wounds {unknown}
Comestibles
 g - 5 bread rations


   Skills:
 + Level 2.0 Fighting
 + Level 3.1 Short Blades
 + Level 2.8 Throwing
 + Level 4.0 Dodging
 + Level 9.5 Stealth


You had 5 spell levels left.
You didn't know any spells.

Dungeon Overview and Level Annotations

Branches:
Dungeon (5/15)
 Temple: D:4-7

Altars:
Makhleb
Yredelemnul


Innate Abilities, Weirdness & Mutations

You are tiny and cannot use many weapons and most armour.
You have supernaturally acute eyesight.
You are a herbivore.
You cover ground extremely quickly.
You need consume almost no food.


Message History

The hound barks!
You hit the orc wizard.
The orc wizard is heavily wounded.
The orc wizard misses you.
You hit the orc wizard.
The orc wizard is almost dead.
The orc wizard hits you with a dagger of electrocution.
You hit the orc wizard but do no damage.
The orc wizard is almost dead.
The orc wizard casts a spell at you. The magic dart hits you!
You hit the orc wizard but do no damage.
The orc wizard is almost dead.
The orc wizard hits you but does no damage.
You are electrocuted!
* * * LOW HITPOINT WARNING * * *
The orc wizard hits you with a dagger of electrocution.
* * * LOW HITPOINT WARNING * * *
You are electrocuted!
You die...

#...... #.........# .......
#.#.(...!.. ##.......
#.#.......# #........
#.#.......# ##.#......
##.#....... ###.....)...
######.....>.. #...<...####
........#..########.....###
#....)((((.[.@o(.#.###
##..ยง......h(..####.#
#............### ...
###o#..........# #..##
#...#......(...# ..##
#<###......##### ... #h#
#..#..## ... #.##...#(##
..##...###


You could see a hound and an orc wizard.

Vanquished Creatures
  An ogre (D:4)
  A hound (D:4)
  An iguana (D:4)
  An iron imp (D:4)
  2 worker ants (D:4)
  3 adders
  A worm (D:4)
  4 dart slugs
  2 giant geckos
  8 orcs
  7 bats
  3 giant cockroaches
  2 gnoll zombies (D:3)
  12 goblins
  6 hobgoblins
  A jackal (D:5)
  4 quokkas
  A giant gecko skeleton (D:4)
  3 giant newts
  5 kobolds
  6 rats
74 creatures vanquished.

Notes
Turn   | Place    | Note
--------------------------------------------------------------
     0 | D:1      | Aleksandr27reg the Spriggan Assassin began the quest for the Orb.
     0 | D:1      | Reached XP level 1. HP: 10/10 MP: 2/2
   116 | D:1      | Reached skill level 6 in Stealth
   170 | D:1      | Reached XP level 2. HP: 14/14 MP: 3/3
   817 | D:2      | Reached XP level 3. HP: 18/18 MP: 4/4
   842 | D:2      | Reached skill level 7 in Stealth
  1709 | D:2      | Reached XP level 4. HP: 16/23 MP: 5/5
  2260 | D:3      | Found a basalt altar of Yredelemnul.
  2593 | D:4      | Reached skill level 8 in Stealth
  2630 | D:4      | Reached XP level 5. HP: 26/26 MP: 6/6
  3150 | D:4      | Noticed an ogre
  3201 | D:4      | Killed an ogre
  3201 | D:4      | Reached skill level 9 in Stealth
  3201 | D:4      | Reached XP level 6. HP: 30/30 MP: 7/7
  3346 | D:4      | Found a burning altar of Makhleb.
  3376 | D:5      | Entered Level 5 of the Dungeon
  3706 | D:5      | Mangled by an orc wizard

Skill      XL: |  1  2  3  4  5  6 |
---------------+-------------------+-----
Stealth        | 6 7 8 9 |  9.5
Dodging        | 2 3 4 |  4.0
Short Blades   | 3 |  3.1
Fighting       | 2 |  2.0
Throwing       | |  2.8

Action                   |  1- 3 |  4- 6 || total
-------------------------+-------+-------++-------
Melee: Dagger            |   111 |   107 ||   218
 Fire: Blowgun           |       |    38 ||    38
  Use: Scroll            |       |     5 ||     5
 Stab: Sleeping          |    21 |    11 ||    32
       Distracted        |     1 |     1 ||     2
Armor: Robe              |    15 |     8 ||    23
Dodge: Dodged            |    72 |    85 ||   157
